Map: Ascension vers Aïur EC

Players

diamadoshi

  • Race: Terran Terran
  • League: Diamond
  • Spawn Location: 5:00

IA (élite) - Winner!

  • Race: Protoss Protoss
  • Spawn Location: 11:00

VOD

https://www.youtube.com/watch?time_continue=2146&v=3UN9TF-4c5U

Description

Timer of the VOD: 27:08

Time

  • Played on: Jan. 7, 2018, 8:11 a.m.
  • Length: 6:44
Show
View Real Time Build Order
Export as new Build Order

diamadoshi Terran 

Build Orders: Reaper Expand, MMM Bio 

Get SALT Encoding   

  12  0:01  SCV  
  13  0:13  SCV  
  14  0:18  Supply Depot  
  14  0:25  SCV  
  15  0:29  Refinery  
  15  0:40  SCV  
  16  0:45  Barracks  
  16  0:52  SCV  
  17  1:04  SCV  
  18  1:16  SCV  
  19  1:32  Orbital Command  
  19  1:33  Reaper  
  20  1:45  Command Center  
  20  1:55  Factory  
  20  1:59  SCV  
  21  2:06  Refinery  
  21  2:11  SCV  
  21  2:12  Barracks Reactor  
  22  2:17  Supply Depot  
  22  2:23  SCV  
  23  2:38  SCV  
  23  2:40  Starport, Hellion  
  26  2:49  Marine x2  
  26  2:50  SCV  
  30  3:03  Orbital Command  
  29  3:06  Widow Mine  
  29  3:09  Marine x2  
  29  3:11  SCV  
  34  3:20  Viking  
  34  3:23  SCV  
  34  3:27  Supply Depot  
  37  3:30  SCV  
  37  3:33  Widow Mine  
  40  3:37  SCV  
  40  3:38  Marine  
  40  3:40  Marine  
  43  3:42  SCV  
  44  3:49  SCV  
  44  3:54  Factory Tech Lab  
  45  3:58  Engineering Bay  
  45  4:02  SCV x2  
  47  4:08  Barracks Tech Lab  
  47  4:10  Barracks  
  47  4:13  Supply Depot  
  47  4:14  Siege Tank, SCV  
  51  4:22  SCV  
  51  4:23  Barracks  
  52  4:26  SCV  
  52  4:28  Stimpack  
  52  4:30  Terran Infantry Weapons Level 1  
  53  4:34  SCV  
  53  4:38  SCV  
  55  4:44  Supply Depot  
  55  4:45  Marine  
  56  4:46  SCV  
  56  4:51  SCV  
  58  4:58  SCV  
  58  4:59  Supply Depot, Factory Reactor  
  59  5:00  Marine  
  59  5:01  Marine  
  59  5:03  SCV  
  59  5:04  Starport Reactor  
  62  5:08  Supply Depot, Marine  
  62  5:10  SCV  
  64  5:15  SCV  
  65  5:21  Combat Shields  
  65  5:22  SCV, Marine x2, Marauder  
  65  5:26  Marauder  
  72  5:28  SCV  
  72  5:32  Supply Depot, Refinery  
  72  5:33  Refinery  
  72  5:34  SCV  
  74  5:37  Widow Mine x2  
  74  5:40  SCV  
  74  5:41  Medivac x2  
  83  5:42  Marine x2  
  83  5:43  Marine  
  83  5:49  Supply Depot  
  86  5:52  Supply Depot  
  86  5:53  SCV x2  
  86  5:56  Supply Depot  
  88  5:59  Widow Mine, Marauder  
  92  6:05  SCV x2  
  92  6:11  Widow Mine, Marine x2, Marauder  
  100  6:15  Supply Depot  
  100  6:17  Supply Depot  
  100  6:19  Supply Depot, SCV  
  100  6:20  SCV, Marauder  
Show
View Real Time Build Order
Export as new Build Order

IA (élite) Protoss - Winner!

Build Orders: 1 Gate Expand, Colossus Rush 

Get SALT Encoding   

  12  0:00  Probe  
  13  0:13  Probe  
  14  0:19  Pylon  
  14  0:25  Probe  
  15  0:37  Probe  
  16  0:47  Assimilator  
  17  0:50  Probe  
  17  0:51  Gateway  
  17  1:02  Pylon, Probe  
  18  1:14  Probe  
  19  1:26  Probe  
  20  1:38  Probe  
  20  1:39  Nexus  
  21  1:44  Zealot  
  23  1:50  Probe  
  24  2:02  Probe  
  24  2:03  Cybernetics Core  
  25  2:14  Probe  
  26  2:26  Probe  
  27  2:31  Pylon  
  27  2:38  Probe  
  27  2:41  Warp Gate, Stalker  
  30  2:44  Gateway  
  30  2:46  Assimilator  
  30  2:51  Probe x2  
  32  3:04  Pylon, Probe  
  33  3:07  Probe  
  33  3:11  Adept  
  36  3:16  Probe  
  36  3:19  Probe  
  38  3:29  Robotics Facility  
  38  3:31  Adept  
  38  3:33  Probe  
  41  3:36  Probe  
  41  3:38  Adept  
  44  3:45  Probe  
  44  3:48  Probe  
  46  3:57  Probe  
  46  3:58  Adept  
  46  4:00  Probe  
  50  4:05  Adept  
  50  4:09  Probe  
  53  4:12  Probe  
  54  4:18  Robotics Bay  
  54  4:20  Pylon  
  54  4:21  Probe, Observer  
  56  4:24  Probe  
  56  4:25  Adept  
  59  4:31  Robotics Facility  
  59  4:33  Probe  
  59  4:37  Pylon  
  60  4:43  Stalker  
  62  4:47  Probe  
  62  4:48  Pylon, Probe  
  64  5:00  Stalker  
  64  5:06  Gateway  
  66  5:17  Zealot  
  66  5:19  Pylon  
  68  5:23  Zealot, Colossus  
  76  5:30  Pylon  
  76  5:37  Zealot  
  78  5:44  Probe x2, Zealot  
  78  5:46  Assimilator  
  78  5:48  Twilight Council  
  82  5:53  Forge  
  82  5:54  Assimilator  
  82  5:56  Nexus, Probe  
  83  5:58  Stalker  
  85  6:08  Probe  
  86  6:17  Probe  
  87  6:20  Probe  
  87  6:21  Forge  
  87  6:24  Pylon  
  88  6:28  Templar Archives  
  88  6:35  Pylon  
  88  6:40  Pylon  
Tags
 
Add a new tag
Caveats
  • Supply blocks, unpowered buildings, or Contaminate may cause inaccurate times.
  • Supply counts are checked every 10 seconds.